 Dungeon Crawl Stone Soup version 0.16.2-2-g470672f (webtiles) character file.

4965 hannobal the Spear-Bearer (level 10, -3/76 HPs)
             Began as a Formicid Fighter on Sept 4, 2015.
             Was an Elder of Fedhas.
             Slain by an orc warlord
             ... wielding a +0 broad axe
              (22 damage)
             ... in a bailey.
             The game lasted 00:48:26 (10398 turns).

hannobal the Spear-Bearer (Formicid Fighter)       Turns: 10398, Time: 00:48:26

Health: -3/76      AC: 18    Str: 28    XL:     10   Next: 82%
Magic:  13/21      EV: 12    Int:  8    God:    Fedhas [****..]
Gold:   32         SH: 12    Dex: 19    Spells: 0 memorised, 9 levels left

rFire  . . .     SeeInvis +     a - +3 trident (pierce)
rCold  . . .     Clarity  .     p - +0 plate armour
rNeg   . . .     SustAb   .     c - +1 shield
rPois  .         Gourm    .     (helmet unavailable)
rElec  .         Spirit   .     O - +2 cloak
rCorr  .         Warding  .     s - +0 pair of gloves
rMut   .         Stasis   +     o - +0 pair of boots
MR     +....                    (no amulet)
Stlth  ..........               n - ring of stealth
                                h - +3 ring of dexterity

@: mighty, agile, somewhat resistant to hostile enchantments, extremely
unstealthy
A: permanent stasis, dig shafts and tunnels, four strong arms, antennae 3,
shaggy fur 1
a: Dig, Shaft Self, Evolution, Sunlight, Growth, Reproduction, Renounce Religion


You were in a bailey.
You worshipped Fedhas.
Fedhas was greatly pleased with you.
You were hungry.

You visited 2 branches of the dungeon, and saw 10 of its levels.
You also visited: Bailey.

You collected 500 gold pieces.
You spent 468 gold pieces at shops.

Inventory:

Hand weapons
 a - a +3 trident of piercing (weapon)
 b - a +1 trident of protection
 t - a +0 blowgun
 Z - a +0 hand axe of flaming
Missiles
 k - 314 stones (quivered)
 z - 5 javelins
 F - 49 poisoned needles
 I - 9 tomahawks
 S - 31 bolts
Armour
 c - a +1 shield (worn)
 o - a +0 pair of boots (worn)
 p - a +0 plate armour (worn)
 s - a +0 pair of gloves (worn)
 O - a +2 cloak (worn)
 R - a +1 leather armour of poison resistance
Jewellery
 h - a +3 ring of dexterity (left hand)
 m - an uncursed ring of protection from cold
 n - a ring of stealth (right hand)
 C - an uncursed ring of magical power
Magical devices
 q - a wand of enslavement (0)
 w - a wand of lightning (4)
 M - a wand of digging (16)
 V - a wand of digging (9)
 X - a wand of magic darts (27)
 Y - a wand of fireball (3)
Scrolls
 j - 2 scrolls of recharging
 r - 3 scrolls of remove curse
 G - a scroll of fog
 W - a scroll of magic mapping
Potions
 e - 2 potions of might
 x - a potion of agility
 A - a potion of brilliance
 D - 2 potions of curing
 L - 2 potions of invisibility
 N - a potion of flight
Comestibles
 d - 4 bread rations {@e1}
 f - 7 meat rations {@e2}
 i - 2 chunks of flesh {@w0}
 B - 2 slices of pizza
 Q - a beef jerky


   Skills:
 - Level 6.0 Fighting
 - Level 12.7 Polearms
 - Level 4.1 Armour
 - Level 2.0 Dodging
 - Level 3.6 Shields
 + Level 6.4 Invocations


You had 9 spell levels left.
You didn't know any spells.

Dungeon Overview and Level Annotations

Branches:
Dungeon (9/15)             Temple (1/1) D:4            Lair (0/8) D:8
    Orc: D:9-12

Altars:
Ashenzari
Dithmenos
Elyvilon
Fedhas
Gozag
Kikubaaqudgha
Makhleb
Nemelex Xobeh
Okawaru
Qazlal
Ru
Sif Muna
Trog
Vehumet
Xom
Yredelemnul
Zin
The Shining One

Shops:
D:3 *   D:5 !   D:8 **

Annotations:
D:2 exclusion: upstairs


Innate Abilities, Weirdness & Mutations

You are under a permanent stasis effect.
You can dig through walls and to a lower floor.
Your four strong arms can wield two-handed weapons with a shield.
You have a pair of large antennae on your head (SInv).
You are covered in fur (AC +1).


Message History

The orc warlord is heavily wounded.
The orc warlord seems less confused.
Drink which item? (? for menu, Esc to quit)
You feel very mighty all of a sudden. You block the orc warlord's attack.
You hit the orc warlord but do no damage.
The orc warlord is heavily wounded.
The orc warlord hits you but does no damage.
An orc comes into view. It is wielding a hand axe.
Drink which item? (? for menu, Esc to quit)
You feel agile all of a sudden.
The orc warrior hits you with an enchanted war axe.
Your shield prevents you from hitting the orc warlord.
The orc warlord is heavily wounded.
The orc warlord hits you with a broad axe!!
* * * LOW HITPOINT WARNING * * *
Unknown command.
The orc warlord hits you with a broad axe!!
You die...
Fedhas appreciates your contribution to the ecosystem.

.## { ##.....## ##{
{####)## .## ##..)))##
..#{ {#.......# ..##
##.......## ...#
#.........# ...## o
##.........## ....###o
#.....⌠.....#
...##88o8
##...o@....## ...#
...{. #...o.....#
..##.....{.##)......##
..+ ......))o)......#
.## .......)##P....##
##{ ..⌠..P. #######
....... ....... .....#


You could see an orc warlord, an orc warrior (frenzied) and an orc.

Vanquished Creatures
  2 orc knights (Bailey)
  Pikel (D:6)
  Eustachio (D:3)
  2 steam dragons (D:6)
  A water moccasin (D:6)
  A phantom (D:8)
  2 ogres
  A slave (D:6)
  7 orc warriors
  3 centaurs
  Blork the orc (D:6)
  2 giant frogs
  5 scorpions
  5 crimson imps
  A goliath beetle (D:7)
  4 hounds
  9 orc priests
  6 orc wizards
  Crazy Yiuf (D:2)
  A giant frog skeleton (D:7)
  6 worker ants
  Natasha (thrice) (D:6)
  2 iguanas
  Ijyb (D:3)
  3 hound skeletons
  Robin (D:3)
  8 gnolls (Bailey)
  11 adders
  6 shadow imps
  A worm (D:2)
  3 giant geckos
  3 oozes
  57 orcs
  2 ball pythons
  14 bats
  39 goblins
  29 hobgoblins
  13 jackals
  18 kobolds
  3 quokkas
  5 giant cockroaches
  3 giant newts
  A giant spore (Bailey)
  A jackal skeleton (D:7)
  3 quokka skeletons
  12 rats
  A ballistomycete (Bailey)
  A fungus (D:2)
306 creatures vanquished.

Vanquished Creatures (collateral kills)
  An orc wizard (D:6)
  A giant spore (Bailey)
2 creatures vanquished.

Vanquished Creatures (others)
  A slave (D:6)
  A wandering mushroom (D:6)
  2 orcs
  A giant cockroach (D:6)
  3 giant spores
  2 ballistomycetes (Bailey)
  145 toadstools
155 creatures vanquished.

Grand Total: 463 creatures vanquished

Notes
Turn   | Place    | Note
--------------------------------------------------------------
     0 | D:1      | hannobal, the Formicid Fighter, began the quest for the Orb.
     0 | D:1      | Reached XP level 1. HP: 18/18 MP: 1/1
   132 | D:1      | Reached XP level 2. HP: 22/24 MP: 3/3
   419 | D:1      | Reached XP level 3. HP: 26/29 MP: 4/4
  1053 | D:2      | Reached XP level 4. HP: 33/35 MP: 5/5
  1277 | D:2      | Reached skill level 4 in Polearms
  1785 | D:2      | Found a burning altar of Makhleb.
  1785 | D:2      | Found a glowing silver altar of Zin.
  1786 | D:2      | Noticed an angel
  1786 | D:2      | Noticed a green death
  1955 | D:2      | Noticed Crazy Yiuf
  1968 | D:2      | Killed Crazy Yiuf
  1968 | D:2      | Reached XP level 5. HP: 11/41 MP: 7/7
  2443 | D:3      | Found an opulent altar of Gozag.
  2469 | D:3      | Reached skill level 5 in Polearms
  2499 | D:3      | Found Gozag's Platinum Reserve.
  2508 | D:3      | Reached XP level 6. HP: 38/47 MP: 8/8
  2812 | D:3      | Noticed an ogre
  2819 | D:3      | Killed an ogre
  2819 | D:3      | Reached skill level 6 in Polearms
  2909 | D:3      | Gained mutation: You are covered in fur (AC +1). [potion of beneficial mutation]
  3136 | D:4      | Found a stormy altar of Qazlal.
  3203 | D:4      | Found a white marble altar of Elyvilon.
  3224 | D:4      | Noticed Robin
  3361 | D:3      | Killed Robin
  3482 | D:4      | Found a sacrificial altar of Ru.
  3579 | D:4      | Found a staircase to the Ecumenical Temple.
  3581 | D:4      | Noticed Ijyb
  3582 | D:4      | Noticed Eustachio
  3662 | D:3      | Killed Ijyb
  3662 | D:3      | Reached XP level 7. HP: 52/52 MP: 9/9
  3750 | D:3      | Killed Eustachio
  3750 | D:3      | Reached skill level 7 in Polearms
  3860 | Temple   | Entered the Ecumenical Temple
  3869 | Temple   | Became a worshipper of Fedhas Madash
  4301 | D:5      | Entered Level 5 of the Dungeon
  4301 | D:5      | Found Ukud's Distillery.
  4307 | D:5      | Bought a potion of curing for 30 gold pieces
  4336 | D:5      | Found a shattered altar of Ashenzari.
  4421 | D:5      | Reached skill level 8 in Polearms
  4803 | D:5      | Reached skill level 1 in Invocations
  4827 | D:5      | Reached XP level 8. HP: 55/58 MP: 12/12
  5625 | D:5      | Reached skill level 5 in Fighting
  5956 | D:6      | Acquired Fedhas' first power
  6022 | D:6      | Noticed Natasha
  6041 | D:6      | Killed Natasha
  6210 | D:6      | Reached skill level 9 in Polearms
  6330 | D:6      | Noticed Blork the orc
  6344 | D:6      | Killed Blork the orc
  6436 | D:6      | Noticed Natasha
  6447 | D:6      | Killed Natasha
  6478 | D:6      | Noticed Pikel
  6497 | D:6      | Killed Pikel
  6497 | D:6      | Reached skill level 10 in Polearms
  6497 | D:6      | Reached XP level 9. HP: 63/68 MP: 14/14
  6516 | D:6      | Noticed Natasha
  6529 | D:6      | Killed Natasha
  7178 | D:6      | Reached skill level 11 in Polearms
  8116 | D:7      | Acquired Fedhas' second power
  8621 | D:8      | Reached skill level 12 in Polearms
  8621 | D:8      | Reached XP level 10. HP: 62/74 MP: 15/15
  9177 | D:8      | Found a radiant altar of Vehumet.
  9221 | D:8      | Acquired Fedhas' third power
  9495 | D:8      | Found a staircase to the Lair.
  9681 | D:8      | Found Cloakow's Assorted Antiques.
  9683 | D:8      | Bought a bronze wand for 132 gold pieces
  9683 | D:8      | Bought a glass wand for 132 gold pieces
  9683 | D:8      | Bought a glowing trident for 115 gold pieces
  9683 | D:8      | Bought 2 purple potions for 59 gold pieces
  9718 | D:8      | Found Iveapaent's Assorted Antiques.
  9884 | D:9      | Found a flagged portal.
 10028 | Bailey   | Entered a bailey
 10136 | Bailey   | Acquired Fedhas' fourth power
 10298 | Bailey   | Noticed an orc knight
 10300 | Bailey   | Noticed an orc knight
 10333 | Bailey   | Killed an orc knight
 10373 | Bailey   | Killed an orc knight
 10373 | Bailey   | Reached skill level 5 in Invocations
 10374 | Bailey   | Noticed an orc warlord
 10398 | Bailey   | Slain by an orc warlord

Action                   |  1- 3 |  4- 6 |  7- 9 | 10-12 || total
-------------------------+-------+-------+-------+-------++-------
Melee: Trident           |   128 |   269 |   632 |   349 ||  1378
Throw: Stone             |       |     3 |     9 |       ||    12
Invok: Evolution         |       |       |     1 |       ||     1
       Reproduction      |       |       |       |     3 ||     3
 Abil: Dig               |       |       |     5 |       ||     5
  Use: Scroll            |     7 |     4 |     7 |     5 ||    23
       Potion            |     2 |     4 |     3 |     5 ||    14
 Stab: Confused          |       |       |     2 |     2 ||     4
  Eat: Chunk             |     1 |     6 |    13 |     6 ||    26
       Beef jerky        |       |     1 |       |       ||     1
       Royal jelly       |       |       |     1 |       ||     1
       Pizza             |       |       |     2 |       ||     2
